PL
AUSTIN RANGERS @ ATHLETIC CLUB KC
09/23/2027
 
TOP OF THE 1ST
Austin Rangers batting - Pitching for Athletic Club KC : LHP Bill Oulton
Pitching: LHP Bill Oulton
Batting: RHB Miguel Morán 0-0: Ball
1-0: Called Strike
1-1: Ball
2-1: Foul Ball, location: 2F
2-2: Ball
3-2: Base on Balls
Batting: LHB Héctor Cortéz 0-0: Called Strike
0-1: Called Strike
0-2: Foul Ball, location: 2F
0-2: Strikes out swinging
Batting: LHB Count Dante 0-0: Ball
1-0: Ball
2-0: Called Strike
2-1: Foul Ball, location: 2F
2-2: Ball
3-2: Strikes out swinging
Miguel Morán steals 2nd base
Batter strikes out.
Batting: LHB Jesús Reyes 0-0: Ball
1-0: Foul Ball, location: 2F
1-1: Ball
2-1: Called Strike
2-2: Ball
3-2: Base on Balls
Batting: RHB Jeff Green 0-0: Called Strike
0-1: Ball
1-1: SINGLE (Flyball, 6MD)
Miguel Morán to third
Jesús Reyes to second
Runner from 3rd tries for Home, SAFE, no throw
Batting: RHB Tony Hernández 0-0: Ball
1-0: Ball
2-0: Foul Ball, location: 2F
2-1: Ball
3-1: SINGLE (Groundball, 6MD)
Jesús Reyes to third
Jeff Green to second
Runner from 3rd tries for Home, SAFE, no throw
Batting: RHB Dennis Morrow 0-0: Ball
1-0: Ball
2-0: Foul Ball, location: 2F
2-1: Swinging Strike
2-2: Strikes out swinging
Top of the 1st over - 2 run(s), 2 hit(s), 0 error(s), 2 left on base; Austin 2 - Athletic Club KC 0
BOTTOM OF THE 1ST
Athletic Club KC batting - Pitching for Austin Rangers : LHP Alfonso Zapata
Pitching: LHP Alfonso Zapata
Batting: RHB Pil-joong Pak 0-0: Ground out 6-3 (Groundball, 6M)
Batting: SHB Eric Moore 0-0: Ball
1-0: Ball
2-0: Swinging Strike
2-1: Called Strike
2-2: Ball
3-2: Base on Balls
Batting: RHB David Edwards 0-0: Ball
1-0: Fly out, F9 (Flyball, 9S)
Batting: SHB Pedro Vázquez 0-0: Ball
1-0: Fly out, F9 (Line Drive, 9)
Bottom of the 1st over - 0 run(s), 0 hit(s), 0 error(s), 1 left on base; Austin 2 - Athletic Club KC 0
TOP OF THE 2ND
Austin Rangers batting - Pitching for Athletic Club KC : LHP Bill Oulton
Batting: SHB Carlos Kramer 0-0: Foul Ball, location: 2F
0-1: Ball
1-1: Called Strike
1-2: Strikes out swinging
Batting: RHB Jesús Villalba 0-0: Called Strike
0-1: Ball
1-1: Called Strike
1-2: Strikes out looking
Batting: RHB Miguel Morán 0-0: Ground out 1-3 (Groundball, 13S)
Top of the 2nd over - 0 run(s), 0 hit(s), 0 error(s), 0 left on base; Austin 2 - Athletic Club KC 0
BOTTOM OF THE 2ND
Athletic Club KC batting - Pitching for Austin Rangers : LHP Alfonso Zapata
Batting: RHB Dong-min Cho 0-0: Ball
1-0: Foul Ball, location: 2F
1-1: Ball
2-1: Ground out 6-3 (Groundball, 6S)
Batting: RHB Todd Blake 0-0: Called Strike
0-1: Swinging Strike
0-2: Ball
1-2: Ball
2-2: Fly out, F7 (Flyball, 7LM)
Batting: RHB Rick Atkinson 0-0: Swinging Strike
0-1: Called Strike
0-2: Ball
1-2: Strikes out swinging
Bottom of the 2nd over - 0 run(s), 0 hit(s), 0 error(s), 0 left on base; Austin 2 - Athletic Club KC 0
TOP OF THE 3RD
Austin Rangers batting - Pitching for Athletic Club KC : LHP Bill Oulton
Batting: LHB Héctor Cortéz 0-0: Called Strike
0-1: Ball
1-1: Called Strike
1-2: Ball
2-2: SINGLE (Line Drive, 89S)
Batting: LHB Count Dante 0-0: Fly out, F7 (Flyball, 7S)
Batting: LHB Jesús Reyes 0-0: Called Strike
0-1: Called Strike
0-2: Strikes out swinging
Batting: RHB Jeff Green 0-0: SINGLE (Line Drive, 6MD)
Héctor Cortéz to second
Runner from 2nd tries for 3rd, SAFE, throw made to third
Batting: RHB Tony Hernández 0-0: Ball
1-0: Ball
2-0: Ball
3-0: Called Strike
3-1: Called Strike
3-2: Foul Ball, location: 2F
3-2: Ground out 4-3 (Groundball, 4)
Top of the 3rd over - 0 run(s), 2 hit(s), 0 error(s), 2 left on base; Austin 2 - Athletic Club KC 0
BOTTOM OF THE 3RD
Athletic Club KC batting - Pitching for Austin Rangers : LHP Alfonso Zapata
Batting: RHB Allen Williams 0-0: Ground out 6-3 (Groundball, 6)
Batting: SHB Fernando Luna 0-0: Ball
1-0: Ball
2-0: Ball
3-0: Ground out 6-3 (Groundball, 6)
Batting: RHB Pil-joong Pak 0-0: Called Strike
0-1: Fly out, F9 (Flyball, 9LM)
Bottom of the 3rd over - 0 run(s), 0 hit(s), 0 error(s), 0 left on base; Austin 2 - Athletic Club KC 0
TOP OF THE 4TH
Austin Rangers batting - Pitching for Athletic Club KC : LHP Bill Oulton
Batting: RHB Dennis Morrow 0-0: Swinging Strike
0-1: Ball
1-1: Foul Ball, location: 2F
1-2: Foul Ball, location: 2F
1-2: Strikes out swinging
Batting: SHB Carlos Kramer 0-0: Ball
1-0: Ball
2-0: Called Strike
2-1: Foul Ball, location: 2F
2-2: DOUBLE (Flyball, 78D)
Batting: RHB Jesús Villalba 0-0: Called Strike
0-1: Called Strike
0-2: Ball
1-2: Ball
2-2: Ball
3-2: Foul Ball, location: 2F
3-2: Strikes out swinging
Batting: RHB Miguel Morán 0-0: Ground out 1-3 (Groundball, P)
Top of the 4th over - 0 run(s), 1 hit(s), 0 error(s), 1 left on base; Austin 2 - Athletic Club KC 0
BOTTOM OF THE 4TH
Athletic Club KC batting - Pitching for Austin Rangers : LHP Alfonso Zapata
Batting: SHB Eric Moore 0-0: Ball
1-0: Ball
2-0: Foul Ball, location: 2F
2-1: Foul Ball, location: 2F
2-2: Ball
3-2: SINGLE (Line Drive, 8RS)
Batting: RHB David Edwards 0-0: Called Strike
Eric Moore steals 2nd base
0-1: Ball
1-1: Ball
2-1: Foul Ball, location: 2F
2-2: Foul Ball, location: 2F
2-2: Ground out 5-3 (Groundball, 56S)
Eric Moore to third
Batting: SHB Pedro Vázquez 0-0: Called Strike
0-1: Ball
1-1: Foul Ball, location: 2F
1-2: DOUBLE (Line Drive, 78D)
Eric Moore scores
Batting: RHB Dong-min Cho 0-0: SINGLE (Line Drive, 56)
Pedro Vázquez to third
Runner from 3rd tries for Home, SAFE, no throw
Batting: RHB Todd Blake 0-0: Ball
1-0: Called Strike
1-1: Ball
2-1: Foul Ball, location: 2F
2-2: Strikes out swinging
Batting: RHB Rick Atkinson 0-0: Called Strike
0-1: Ball
1-1: Swinging Strike
1-2: SINGLE (Line Drive, 6MD)
Dong-min Cho to second
Dong-min Cho to third
Batting: RHB Allen Williams 0-0: Called Strike
0-1: Swinging Strike
0-2: Foul Ball, location: 2F
0-2: Fly out, F9 (Flyball, 89D)
Bottom of the 4th over - 2 run(s), 4 hit(s), 0 error(s), 2 left on base; Austin 2 - Athletic Club KC 2
TOP OF THE 5TH
Austin Rangers batting - Pitching for Athletic Club KC : LHP Bill Oulton
Batting: LHB Héctor Cortéz 0-0: Swinging Strike
0-1: Ball
1-1: Fly out, F8 (Flyball, 78XD)
Batting: LHB Count Dante 0-0: Ground out 4-3 (Groundball, 4M)
Batting: LHB Jesús Reyes 0-0: Ball
1-0: Ground out 1-3 (Groundball, 15S)
Top of the 5th over - 0 run(s), 0 hit(s), 0 error(s), 0 left on base; Austin 2 - Athletic Club KC 2
BOTTOM OF THE 5TH
Athletic Club KC batting - Pitching for Austin Rangers : LHP Alfonso Zapata
Batting: SHB Fernando Luna 0-0: Ball
1-0: Ground out 6-3 (Groundball, 6)
Batting: RHB Pil-joong Pak 0-0: Reached on error, E6 (Groundball, 6)
Batting: SHB Eric Moore 0-0: Ball
1-0: Fly out, F8 (Line Drive, 89M)
Batting: RHB David Edwards 0-0: Ball
1-0: Foul Ball, location: 2F
1-1: Ball
2-1: Ball
3-1: Ground out 5-3 (Groundball, 56S)
Bottom of the 5th over - 0 run(s), 0 hit(s), 1 error(s), 1 left on base; Austin 2 - Athletic Club KC 2
TOP OF THE 6TH
Austin Rangers batting - Pitching for Athletic Club KC : LHP Bill Oulton
Batting: RHB Jeff Green 0-0: Ball
1-0: Ball
2-0: Ball
3-0: Base on Balls
Batting: RHB Tony Hernández 0-0: Sac Bunt - play at first, batter OUT! 1-4
Jeff Green to second
Batting: RHB Dennis Morrow 0-0: Intentional Walk
Batting: SHB Carlos Kramer 0-0: Ball
1-0: Fielders Choice at 2nd, 3-6 (Groundball, 34)
Jeff Green to third
Batting: RHB Jesús Villalba 0-0: Ball
1-0: Foul Ball, location: 2F
1-1: Fly out, F9 (Line Drive, 9)
Top of the 6th over - 0 run(s), 0 hit(s), 0 error(s), 2 left on base; Austin 2 - Athletic Club KC 2
BOTTOM OF THE 6TH
Athletic Club KC batting - Pitching for Austin Rangers : LHP Alfonso Zapata
Batting: SHB Pedro Vázquez 0-0: Ball
1-0: Fly out, F8 (Line Drive, 8RM)
Batting: RHB Dong-min Cho 0-0: Called Strike
0-1: Swinging Strike
0-2: Ball
1-2: Fly out, F8 (Flyball, 8RXD)
Batting: RHB Todd Blake 0-0: Ball
1-0: Hit by Pitch
Batting: RHB Rick Atkinson 0-0: Ball
1-0: Ball
2-0: Ball
3-0: Base on Balls
Todd Blake to second
Batting: RHB Allen Williams 0-0: Called Strike
0-1: Called Strike
0-2: Foul Ball, location: 2F
0-2: Ball
1-2: Strikes out looking
Bottom of the 6th over - 0 run(s), 0 hit(s), 0 error(s), 2 left on base; Austin 2 - Athletic Club KC 2
TOP OF THE 7TH
Austin Rangers batting - Pitching for Athletic Club KC : LHP Bill Oulton
Batting: RHB Miguel Morán 0-0: Foul Ball, location: 2F
0-1: Ball
1-1: Ball
2-1: Ground out 6-3 (Groundball, 6)
Batting: LHB Héctor Cortéz 0-0: Called Strike
0-1: Ball
1-1: Foul Ball, location: 2F
1-2: Ball
2-2: Ball
3-2: Foul Ball, location: 2F
3-2: Foul Ball, location: 2F
3-2: Foul Ball, location: 2F
3-2: Fly out, F8 (Flyball, 8RXD)
Batting: LHB Count Dante 0-0: Swinging Strike
0-1: Fly out, F6 (Line Drive, 6)
Top of the 7th over - 0 run(s), 0 hit(s), 0 error(s), 0 left on base; Austin 2 - Athletic Club KC 2
BOTTOM OF THE 7TH
Athletic Club KC batting - Pitching for Austin Rangers : LHP Alfonso Zapata
Batting: SHB Fernando Luna 0-0: Ball
1-0: Ball
2-0: Fly out, F4 (Popup, 34D)
Batting: RHB Pil-joong Pak 0-0: Called Strike
0-1: Fly out, F6 (Line Drive, 6)
Batting: SHB Eric Moore 0-0: Ball
1-0: Fly out, F5 (Popup, 5L)
Bottom of the 7th over - 0 run(s), 0 hit(s), 0 error(s), 0 left on base; Austin 2 - Athletic Club KC 2
TOP OF THE 8TH
Austin Rangers batting - Pitching for Athletic Club KC : LHP Bill Oulton
Pitching: RHP Ole Kos
Batting: LHB Jesús Reyes 0-0: Called Strike
0-1: Ball
1-1: SINGLE (Flyball, 78S)
Batting: RHB Jeff Green 0-0: Called Strike
0-1: Swinging Strike
0-2: Ball
1-2: Ball
2-2: Strikes out swinging
Batting: RHB Tony Hernández 0-0: Bunted foul
0-1: Bunted foul
0-2: Foul Ball, location: 2F
0-2: Ball
1-2: Ball
2-2: Ball
3-2: Base on Balls
Jesús Reyes to second
Pinch Runner at 2nd António Rivera:
Batting: RHB Dennis Morrow 0-0: Ball
1-0: Ball
António Rivera is caught stealing 3rd base
Tony Hernández to second
2-0: Called Strike
2-1: SINGLE (Groundball, 34D)
Tony Hernández to third
Runner from 3rd tries for Home, SAFE, no throw
Batting: SHB Carlos Kramer 0-0: Fly out, F4 (Popup, 34)
Top of the 8th over - 1 run(s), 2 hit(s), 0 error(s), 1 left on base; Austin 3 - Athletic Club KC 2
BOTTOM OF THE 8TH
Athletic Club KC batting - Pitching for Austin Rangers : LHP Alfonso Zapata
Now at 1B: António Rivera
Batting: RHB David Edwards 0-0: Hit by Pitch
Batting: SHB Pedro Vázquez 0-0: Fly out, F9 (Line Drive, 9)
Batting: RHB Dong-min Cho 0-0: Ball
1-0: Called Strike
1-1: Foul Ball, location: 2F
1-2: SINGLE (Line Drive, 7S)
David Edwards to second
Batting: RHB Todd Blake 0-0: Ball
1-0: Ball
2-0: Ball
3-0: Called Strike
3-1: Foul Ball, location: 2F
3-2: Base on Balls
David Edwards to third
Dong-min Cho to second
Pinch Hitting: RHB Ramón Souza 0-0: Foul Ball, location: 2F
0-1: Foul Ball, location: 2F
0-2: Ball
1-2: Foul Ball, location: 2F
1-2: SINGLE (Groundball, 56D)
David Edwards scores
Dong-min Cho to third
Todd Blake to second
Runner from 3rd tries for Home, SAFE, throw made home
Batting: RHB Allen Williams 0-0: Foul Ball, location: 2F
0-1: Foul Ball, location: 2F
0-2: Ball
1-2: Foul Ball, location: 2F
1-2: Ground out U3 (Groundball, 3S)
Todd Blake to third
Ramón Souza to second
Batting: SHB Fernando Luna 0-0: Ball
1-0: Foul Ball, location: 2F
1-1: Ball
2-1: Ball
3-1: Base on Balls
Batting: RHB Pil-joong Pak 0-0: Called Strike
0-1: Swinging Strike
0-2: Ball
1-2: SINGLE (Line Drive, 8LS)
Todd Blake scores
Ramón Souza to third
Fernando Luna to second
Pitching: RHP Weston Fisher
Batting: SHB Eric Moore 0-0: Ball
Wild Pitch!
Ramón Souza scores
Fernando Luna to third
Pil-joong Pak to second
1-0: Ball
2-0: Ball
3-0: Base on Balls
Batting: RHB David Edwards 0-0: Ball
1-0: Swinging Strike
1-1: Ball
2-1: Ball
3-1: SINGLE (Line Drive, 9LS)
Fernando Luna scores
Pil-joong Pak to third
Eric Moore to second
Batting: SHB Pedro Vázquez 0-0: Ball
1-0: Called Strike
1-1: Called Strike
1-2: Ground out 3-1 (Groundball, 34)
Bottom of the 8th over - 5 run(s), 4 hit(s), 0 error(s), 3 left on base; Austin 3 - Athletic Club KC 7
TOP OF THE 9TH
Austin Rangers batting - Pitching for Athletic Club KC : RHP Ole Kos
Pitching: RHP Jackson Haines
Now in RF: Ramón Souza
Batting: RHB Jesús Villalba 0-0: Ball
1-0: Called Strike
1-1: Swinging Strike
1-2: Ground out 5-3 (Groundball, 5L)
Batting: RHB Miguel Morán 0-0: Called Strike
0-1: Ground out 6-3 (Groundball, 6M)
Batting: LHB Héctor Cortéz 0-0: Ball
1-0: Ball
2-0: Ball
3-0: Called Strike
3-1: Called Strike
3-2: Fly out, F5 (Popup, 5S)
Top of the 9th over - 0 run(s), 0 hit(s), 0 error(s), 0 left on base; Austin 3 - Athletic Club KC 7
Saturday, May 26th, 2018 - OOTP Baseball 17.12 Build 75